 Dungeon Crawl Stone Soup version 0.31.0-11-ge490571c62 (webtiles) character file.

Game seed: 755941606555077595

16272 ezpacito the Cleaver (level 12, 0/91 HPs)
             Began as a Demonspawn Berserker on Jan 31, 2024.
             Was an Elder of Trog.
             Succumbed to a +8 flail of chaos's poison
             ... on level 11 of the Dungeon.
             The game lasted 00:19:28 (9710 turns).

ezpacito the Cleaver (Demonspawn Berserker)         Turns: 9710, Time: 00:19:29

Health: 0/91       AC:  0    Str: 20    XL:     12   Next: 8%
Magic:  0/12       EV: 23    Int:  8    God:    Trog [****..]
Gold:   709        SH:  0    Dex: 20    Spells: 11/11 levels left

rFire   . . .        T - melded +6 demon whip of Veterph {flame, rC++ MP-9 Dex+6}
rCold   . . .        (shield currently unavailable)
rNeg    . . .        V - melded +1 fire dragon scales
rPois   .            (helmet currently unavailable)
rElec   .            (cloak currently unavailable)
rCorr   .            n - melded +0 pair of gloves
SInv    .            (boots currently unavailable)
Will    .....        d - amulet of regeneration
Stlth   +++          v - melded +4 ring of protection
HPRegen 1.15/turn    Q - melded ring of protection from fire
MPRegen 0.26/turn

%: guardian spirit
@: lethally poisoned (0 -> -1), bat-form (expiring), on berserk cooldown,
flying, hasted and slowed, very quick
A: fast, flying, no casting, tiny, (hooves 1), magic shield, magic regeneration,
(weakness stinger 2), (demonic touch 2)
a: Renounce Religion, Berserk, Trog's Hand, Brothers in Arms


You were on level 11 of the Dungeon.
You worshipped Trog.
Trog was greatly pleased with you.
You were a bat.
You visited 1 branch of the dungeon, and saw 11 of its levels.

You collected 790 gold pieces.
You spent 81 gold pieces at shops.

Inventory:

Hand Weapons
 a - a +0 sling
 M - a +2 war axe of flaming
 S - a +6 executioner's axe
 T - the +6 demon whip of Veterph (melded) {flame, rC++ MP-9 Dex+6}
   (You found it on level 10 of the Dungeon)

   Dex+6:     It affects your dexterity (+6).
   rC++:      It greatly protects you from cold.
   MP-9:      It affects your magic capacity (-9).
Missiles
 c - 2 throwing nets (quivered)
 i - 133 stones
 s - 12 boomerangs
 u - 5 poisoned darts
 z - 8 datura-tipped darts
 A - a curare-tipped dart
 P - 6 javelins
Armour
 n - a +0 pair of gloves (melded)
 r - an orb of mayhem
 w - a +2 robe of positive energy
 H - the +0 leather armour "Agupeocs" {rF- rN++ Dex+2}
   (You found it on level 7 of the Dungeon)

   Dex+2:     It affects your dexterity (+2).
   rF-:       It makes you vulnerable to fire.
   rN++:      It greatly protects you from negative energy.
 I - a +3 scale mail
 K - a +2 robe of willpower
 V - +1 fire dragon scales (melded)
Jewellery
 d - an amulet of regeneration (around neck)
 k - a +5 ring of evasion
 v - a +4 ring of protection (melded)
 G - a ring of willpower
 Q - a ring of protection from fire (melded)
Talismans
 B - a talisman of death
 C - the flux talisman "Otzyudut" {Int+2}
   (You found it on level 7 of the Dungeon)

   [flux talisman]

   Int+2:     It affects your intelligence (+2).
Wands
 j - a wand of flame (12)
 q - a wand of polymorph (12)
 Y - a wand of paralysis (2)
Scrolls
 m - 3 scrolls of teleportation
 o - a scroll of noise
 y - a scroll of poison
 L - 3 scrolls of revelation
 W - a scroll of fear
Potions
 b - a potion of heal wounds
 e - 4 potions of curing
 g - 4 potions of mutation
 h - 2 potions of enlightenment {unknown}
 p - 3 potions of might
 t - 2 potions of degeneration {unknown}
 x - 2 potions of ambrosia {unknown}
 E - 2 potions of haste {unknown}
 F - a potion of berserk rage {unknown}
 N - a potion of invisibility {unknown}
 U - 2 potions of attraction {unknown}
Miscellaneous
 R - a sack of spiders


   Skills:
 * Level 7.4 Fighting
 * Level 3.3 Long Blades
 * Level 10.0(10.3) Axes
 + Level 3.8(7.4) Maces & Flails
 * Level 3.2 Ranged Weapons
 - Level 3.0 Throwing
 * Level 6.8 Armour
 * Level 5.2 Dodging
 * Level 5.5 Stealth
 * Level 5.1 Unarmed Combat
 * Level 4.0 Evocations
 * Level 3.2 Shapeshifting


You had 11 spell levels left.
You didn't know any spells.
Your spell library contained the following spells:

 Spells                   Type           Power      Damage    Failure   Level
 Foxfire                  Conj/Fire      0%         2x1d4     41%         1
 Magic Dart               Conj           0%         1d3       41%         1
 Sandblast                Erth           0%         2d4       41%         1
 Blink                    Tloc           0%         N/A       54%         2
 Call Imp                 Summ           0%         N/A       54%         2
 Sublimation of Blood     Necr           0%         N/A       54%         2
 Fugue of the Fallen      Necr           0%         N/A       78%         3
 Ozocubu's Armour         Ice            0%         N/A       78%         3
 Passwall                 Erth           0%         N/A       78%         3
 Stone Arrow              Conj/Erth      0%         3d7       78%         3
 Brom's Barrelling Bould  Conj/Erth      0%         2d3       99%         4
 Manifold Assault         Tloc           0%         N/A       99%         4
 Petrify                  Alch/Erth      0%         N/A       99%         4
 Irradiate                Conj/Alch      0%         3d11      100%        5
 Plasma Beam              Fire/Air       0%         2x1d10    100%        6
 Starburst                Conj/Fire      0%         6d3       100%        6


Dungeon Overview and Level Annotations

Branches:
Dungeon (11/15)            Temple (0/1) D:7            Lair (0/5) D:9
    Orc: D:9-12

Altars:
Cheibriados
Kikubaaqudgha
Makhleb
Nemelex Xobeh
Qazlal
Xom

Shops:
D:7 *

Annotations:
D:11 bakla's ghost, journeyman MiBe


Innate Abilities, Weirdness & Mutations

You are a bat.
You are tiny and dextrous.
You move quickly.
You are flying.
Your equipment is almost entirely melded.
You are incapable of wielding weapons or throwing items.
You cannot cast spells.
((You have large cloven feet.))
When hurt, damage is shared between your health and your magic reserves.
You regenerate magic rapidly.
((You have a tail ending in a sharp stinger.))
((Your touch may inflict irresistible damage on your foes.))


Message History

The +8 flail of chaos hits you!!
* * * LOW HITPOINT WARNING * * *
You feel yourself speed up.
Unknown command.
You are too berserk!
You bite the +8 flail of chaos!
The +8 flail of chaos is almost destroyed.
You feel sick.
You hit the +8 flail of chaos.
The +8 flail of chaos falls from the air.
Trog accepts your kill.
You feel sick.
Your life force feels restored.
Your Evocations skill increases to level 4!
Unknown command.
You hit bakla's ghost but do no damage.
You feel sick.
You hit bakla's ghost but do no damage.
You feel sick. Bakla's ghost hits you!
* * * LOW HITPOINT WARNING * * *
You hit bakla's ghost.
Bakla's ghost is lightly damaged.
You feel sick.
You are too berserk!
You miss bakla's ghost.
Bakla's ghost is lightly damaged.
You feel sick. Bakla's ghost hits you!
* * * LOW HITPOINT WARNING * * *
Unknown command.
You are too berserk!
You are too berserk!
You hit bakla's ghost but do no damage.
Bakla's ghost is lightly damaged.
* * * LOW HITPOINT WARNING * * *
You feel sick.
Bakla's ghost whispers, "Soon you will have time, lots of time..."
You feel a strong urge to attack something.
Your transformation is almost over.
You are no longer berserk.
You are exhausted.
You feel yourself slow down.
You die...

~..♣ ♣..~#########.###......#
~..♣ ♣..~# ####.# #.....## ~..♣
♣..~# ##.##.# #...###
~..♣♣♣♣♣♣♣..~# #._$#.# #.####
~...........~######)##.# #....###
~...........~#....W....###.......
~~~~~~†~~~~~~#...................
##############......>.>..#....)..
#..b#########.###.## #<..# #.#
#... #...# #.# #... #...#
#.###... #...# #.)##...
###########...#########..#####
#.....................#...###
#.....................#.....##
#.....................#.......


You could see bakla's ghost.

Vanquished Creatures
  A salamander tyrant (D:10)
  2 boulder beetles (D:11)
  A dancing weapon (D:11)
  7 two-headed ogres
  A manticore (D:11)
  Jeremiah (D:9)
  2 smoke demons (D:10)
  An unseen horror (D:11)
  A komodo dragon (D:11)
  A troll (D:11)
  A hornet (D:10)
  11 yaks
  A vampire (D:9)
  3 wraiths
  A fire bat (D:10)
  A wyvern (D:9)
  2 fire elementals (D:10)
  A steam dragon (D:8)
  A vampire mosquito (D:11)
  Edmund (D:6)
  Menkaure (D:6)
  3 acid dragons
  4 water moccasins
  2 black bears
  2 orc warriors
  2 ice beasts
  4 ogres
  5 centaurs
  A kobold brigand (D:7)
  A gnoll sergeant (D:11)
  4 scorpions
  11 wights
  6 killer bees
  An electric eel (D:11)
  3 howler monkeys
  A bombardier beetle (D:5)
  6 jellies
  3 orc priests
  A hound (D:4)
  5 iguanas
  2 sleepcaps
  13 orc wizards
  5 adders
  15 gnolls
  A shadow imp (D:8)
  3 white imps
  3 dart slugs
  A ribbon worm (D:6)
  41 orcs
  3 bats
  5 endoplasms
  7 giant cockroaches
  13 goblins
  10 hobgoblins
  6 jackals
  2 quokkas (D:1)
  16 ball pythons
  5 frilled lizards
  12 kobolds
  7 rats
277 creatures vanquished.

Vanquished Creatures (others)
  An orc wizard (D:10)
1 creature vanquished.

Grand Total: 278 creatures vanquished

Notes
Turn   | Place    | Note
-------+----------+-------------------------------------------
     0 | D:1      | ezpacito the Demonspawn Berserker began the quest for the
                  | Orb.
     0 | D:1      | Reached XP level 1. HP: 18/18 MP: 1/1
    78 | D:1      | Discovered your monstrous ancestry.
    78 | D:1      | Gained mutation: Your touch may inflict minor irresistible
                  | damage on your foes. [demonic ancestry]
    78 | D:1      | Reached XP level 2. HP: 18/24 MP: 2/2
   166 | D:1      | Reached skill level 3 in Axes
   184 | D:1      | Gained mutation: You regenerate magic rapidly. [demonic
                  | ancestry]
   184 | D:1      | Reached XP level 3. HP: 8/29 MP: 3/3
   271 | D:1      | Found a faded altar of an unknown god.
   359 | D:1      | Reached ** piety under Trog
   726 | D:1      | You fall into a shaft and drop 1 floor!
   787 | D:1      | Reached skill level 1 in Stealth
  1479 | D:2      | Gained mutation: You have a small tail. [demonic ancestry]
  1479 | D:2      | Reached XP level 4. HP: 33/35 MP: 4/4
  1978 | D:3      | Found a burning altar of Makhleb.
  2037 | D:3      | Reached skill level 1 in Unarmed Combat
  2191 | D:3      | Reached *** piety under Trog
  2727 | D:4      | Gained mutation: You have a tail ending in a sharp stinger.
                  | [demonic ancestry]
  2727 | D:4      | Reached XP level 5. HP: 42/42 MP: 5/5
  2853 | D:4      | Noticed an ogre
  2860 | D:4      | Killed an ogre
  2861 | D:4      | Reached skill level 4 in Axes
  2861 | D:4      | Gained mutation: You have large cloven feet. [demonic
                  | ancestry]
  2861 | D:4      | Reached XP level 6. HP: 34/48 MP: 6/6
  3504 | D:5      | Entered Level 5 of the Dungeon
  3507 | D:5      | Reached XP level 7. HP: 47/54 MP: 7/7
  3540 | D:5      | Reached skill level 5 in Axes
  3741 | D:5      | Gained mutation: When hurt, damage is shared between your
                  | health and your magic reserves. [demonic ancestry]
  3741 | D:5      | Reached XP level 8. HP: 61/61 MP: 8/8
  3798 | D:5      | Reached skill level 6 in Axes
  3800 | D:5      | Reached **** piety under Trog
  4227 | D:6      | Noticed Edmund
  4241 | D:6      | Killed Edmund
  4263 | D:6      | Reached skill level 5 in Fighting
  4473 | D:6      | Noticed Menkaure
  4479 | D:6      | Killed Menkaure
  4597 | D:6      | Found a snail-covered altar of Cheibriados.
  4789 | D:6      | Reached skill level 7 in Axes
  4907 | D:6      | Gained mutation: Your touch may inflict irresistible damage
                  | on your foes. [demonic ancestry]
  4907 | D:6      | Reached XP level 9. HP: 68/68 MP: 9/9
  5283 | D:7      | Found an ancient bone altar of Kikubaaqudgha.
  5363 | D:7      | Found a staircase to the Ecumenical Temple.
  5405 | D:7      | Identified the flux talisman "Otzyudut" {Int+2}
  5514 | D:7      | Reached skill level 5 in Armour
  5514 | D:7      | Found a stormy altar of Qazlal.
  5758 | D:7      | Identified the +0 leather armour "Agupeocs" {rF- rN++
                  | Dex+2}
  5879 | D:7      | Found Zuich's CLEARANCE SALE!.
  5885 | D:7      | Bought 2 potions of curing for 18 gold pieces
  5885 | D:7      | Bought a +3 scale mail for 63 gold pieces
  6213 | D:8      | Reached skill level 1 in Evocations
  6324 | D:8      | Reached skill level 1 in Shapeshifting
  6635 | D:8      | Reached skill level 8 in Axes
  7072 | D:9      | Reached ***** piety under Trog
  7073 | D:9      | Reached XP level 10. HP: 72/75 MP: 7/10
  7094 | D:9      | Found a staircase to the Lair.
  7135 | D:9      | Received a gift from Trog
  7181 | D:9      | Noticed Jeremiah
  7189 | D:9      | Killed Jeremiah
  7317 | D:9      | Reached skill level 1 in Ranged Weapons
  7638 | D:10     | Entered Level 10 of the Dungeon
  7660 | D:10     | Reached skill level 1 in Long Blades
  7731 | D:10     | Noticed a smoke demon
  7732 | D:10     | Noticed a salamander tyrant
  7734 | D:10     | Noticed a smoke demon
  7741 | D:10     | Killed a smoke demon
  7742 | D:10     | Reached skill level 1 in Throwing
  7742 | D:10     | Killed a smoke demon
  7743 | D:10     | Reached skill level 9 in Axes
  7745 | D:10     | Killed a salamander tyrant
  7759 | D:10     | Got the +6 demon whip of Veterph {flame, rC++ MP-9 Dex+6}
  7795 | D:10     | Noticed a two-headed ogre
  7802 | D:10     | Killed a two-headed ogre
  7934 | D:10     | Reached XP level 11. HP: 67/83 MP: 0/11
  8137 | D:10     | Noticed a two-headed ogre
  8143 | D:10     | Killed a two-headed ogre
  8144 | D:10     | Reached skill level 1 in Maces & Flails
  8429 | D:10     | Found a sparkling altar of Nemelex Xobeh.
  8547 | D:11     | Noticed a two-headed ogre
  8553 | D:11     | Killed a two-headed ogre
  8601 | D:11     | Reached skill level 5 in Stealth
  8706 | D:11     | Noticed a two-headed ogre
  8712 | D:11     | Killed a two-headed ogre
  8714 | D:11     | Noticed a boulder beetle
  8736 | D:11     | Killed a boulder beetle
  8737 | D:11     | Reached skill level 5 in Dodging
  8821 | D:11     | Noticed a boulder beetle
  8823 | D:11     | Noticed a two-headed ogre
  8833 | D:11     | Killed a two-headed ogre
  8843 | D:11     | Killed a boulder beetle
  8844 | D:11     | Reached skill level 5 in Unarmed Combat
  8930 | D:11     | Found a runed translucent door.
  8932 | D:11     | Found a shimmering altar of Xom.
  8932 | D:11     | Noticed bakla's ghost (journeyman MiBe)
  8933 | D:11     | Noticed a +8 flail of chaos
  9177 | D:11     | Noticed a two-headed ogre
  9184 | D:11     | Killed a two-headed ogre
  9185 | D:11     | Reached skill level 10 in Axes
  9446 | D:11     | Noticed a two-headed ogre
  9451 | D:11     | Killed a two-headed ogre
  9452 | D:11     | Reached XP level 12. HP: 91/91 MP: 1/12
  9706 | D:11     | HP: 1/136 [bakla's ghost (9)]
  9710 | D:11     | Succumbed to a +8 flail of chaos's poison

Illustrated notes

Levels and vault maps discovered:
D:1:      saegor_arrival_miasma, layout_loops_ring,
          hellmonk_ecumenical_altar_dog_temple, chequers_serial_rivers_small_3
D:2:      layout_basic, basic_altar, kennysheep_generic_room_2
D:3:      layout_basic, bloody_makhleb
D:4:      layout_basic, mainiacjoe_overflow_catwalk, nrook_mini_vaults
D:5:      layout_cave_pools
D:6:      layout_layer_cave, cheibrodos_worm_habitat, uniq_menkaure, uniq_edmund
D:7:      layout_basic, kiku_gazebo_garden_becter, grunt_qazlal_sundering,
          minmay_temple_entry_poolview, serial_corexii_hall,
          corexii_hall_statues_s, chequers_hall_statues_y,
          nicolae_shop_clearance
D:8:      layout_rooms, hangedman_decor_opposing, nrook_loot_triangle
D:9:      layout_stronghold, lair_entry_dummy, uniq_jeremiah
D:10:     minmay_firetagon, layout_loops_ring, mainiacjoe_overflow_alcove_2
D:11:     minmay_recursive_quarters, layout_long_grid, ebering_ghost_xom,
          kennysheep_path_1

Skill      XL: |  1  2  3  4  5  6  7  8  9 10 11 12 |
---------------+-------------------------------------+-----
Axes           | 3 4 5 7 8 9 10 | 10.0
Dodging        | 2 3 4 5 |  5.2
Stealth        | 1 2 3 4 5 |  5.5
Armour         | 2 3 4 5 6 |  6.8
Unarmed Combat | 1 2 3 4 5 |  5.1
Fighting       | 4 5 6 7 |  7.4
Evocations     | 1 2 3 4 |  4.0
Shapeshifting  | 1 2 3 |  3.2
Ranged Weapons | 2 3 |  3.2
Long Blades    | 2 3 |  3.3
Throwing       | 1 3 |  3.0
Maces & Flails | 3 |  3.8

Action                     |  1- 3 |  4- 6 |  7- 9 | 10-12 || total
---------------------------+-------+-------+-------+-------++-------
  Melee: Hand axe          |    94 |    65 |       |       ||   159
         Touch             |    12 |    14 |    39 |    30 ||    95
         Punch             |     1 |       |     6 |     6 ||    13
         Tailslap          |       |     9 |    50 |    23 ||    82
         War axe           |       |    30 |   252 |    14 ||   296
         Kick              |       |     6 |    80 |    76 ||   162
         Executioner's axe |       |       |       |    62 ||    62
         Demon whip        |       |       |       |   125 ||   125
         Unarmed           |       |       |       |    19 ||    19
  Throw: Throwing net      |       |     1 |       |       ||     1
 Invoke: Berserk           |     2 |     3 |     9 |    12 ||    26
         Trog's Hand       |       |       |       |     1 ||     1
    Use: Scroll            |     5 |     1 |     5 |     9 ||    20
         Potion            |       |       |     3 |       ||     3
   Stab: Sleeping          |     2 |       |       |     3 ||     5
 Armour: Animal skin       |    13 |       |       |       ||    13
         Leather armour    |    23 |       |       |    13 ||    36
         Chain mail        |    37 |    94 |   180 |       ||   311
         Scale mail        |       |       |    86 |    80 ||   166
         Fire dragon scale |       |       |       |    88 ||    88
         Skin              |       |       |       |     7 ||     7
  Dodge: Dodged            |    64 |    48 |   224 |   186 ||   522
